 Dungeon Crawl Stone Soup version 0.31-a0-202-g547052bce9 (webtiles) character file.

Game seed: 9552503481312628235

172966 Datul the Gelid (level 17, -2/134 HPs)
             Began as a Purple Draconian Air Elementalist on June 12, 2023.
             Was the Champion of Vehumet.
             Killed from afar by a deep elf pyromancer (29 damage)
             ... with a bolt of fire
             ... on level 1 of the Elven Halls on June 26, 2023.
             The game lasted 04:10:13 (35231 turns).

Datul the Gelid (DrAE)                             Turns: 35231, Time: 04:10:13

Health: -2/134     AC: 15    Str: 15    XL:     17   Next: 17%
Magic:  33/45      EV: 13    Int: 21    God:    Vehumet [******]
Gold:   1328       SH:  5    Dex: 13    Spells: 0/47 levels left

rFire   . . .        d - staff of earth
rCold   . . .        h - +0 buckler
rNeg    . . .        (body armour unavailable)
rPois   .            H - +2 hat {Will+}
rElec   .            G - scarf {repulsion}
rCorr   .            w - +1 pair of gloves "Jezxat" {Will+ Regen+ Str+3}
SInv    .            b - +1 pair of boots
Will    ++++.        L - amulet of magic regeneration
Stlth   ++           c - ring of magical power
HPRegen 1.22/turn    t - ring of wizardry
MPRegen 0.69/turn

%: repel missiles, wizardry (x1)
@: in a vortex, flying (expiring), slowed, studying Polearms, very slow
A: breathe power, AC +9, unfitting armour, cold-blooded
}: 1/15 runes: barnacled
a: Breathe Dispelling Energy, Renounce Religion


You were on level 1 of the Elven Halls.
You worshipped Vehumet.
Vehumet was exalted by your worship.
You visited 6 branches of the dungeon, and saw 28 of its levels.
You visited 2 bazaars.

You collected 2505 gold pieces.
You spent 1177 gold pieces at shops.

Inventory:

Hand Weapons
 Q - the +5 mace of Hacking and Slashing {heavy, rPois rF++ Will+ Int-2}
   (You found it on level 3 of the Shoals)

   Int:       It affects your intelligence (-2).
   rF:        It greatly protects you from fire.
   rPois:     It protects you from poison.
   Will:      It increases your willpower.
Missiles
 A - 3 curare-tipped darts
 I - 8 throwing nets
Armour
 b - a +1 pair of boots (worn)
 h - a +0 buckler (worn)
 w - the +1 pair of gloves "Jezxat" (worn) {Will+ Regen+ Str+3}
   (You found it on level 9 of the Dungeon)

   Str:       It affects your strength (+3).
   Regen:     It increases your rate of health regeneration.
   Will:      It increases your willpower.
 G - a scarf of repulsion (worn)
 H - a +2 hat of willpower (worn)
Magical Staves
 d - a staff of earth (weapon)
Jewellery
 c - a ring of magical power (left hand)
 i - a ring of ice
 l - a ring of positive energy
 n - a ring of see invisible
 t - a ring of wizardry (right hand)
 u - a ring of ice
 y - a ring of protection from cold
 B - a ring of poison resistance
 F - a ring of willpower
 L - an amulet of magic regeneration (around neck)
 T - a ring of fire
Wands
 f - a wand of iceblast (4)
 q - a wand of digging (2)
 s - a wand of flame (67)
 E - a wand of polymorph (7)
 K - a wand of acid (11)
 U - a wand of mindburst (11)
Scrolls
 e - 5 scrolls of poison
 g - 8 scrolls of fog
 k - 5 scrolls of revelation
 p - 3 scrolls of amnesia
 v - 7 scrolls of immolation
 x - a scroll of fear
 N - 2 scrolls of brand weapon
 O - 2 scrolls of vulnerability
 R - 4 scrolls of teleportation
 W - a scroll of blinking
 Y - a scroll of enchant weapon
Potions
 a - a potion of magic
 j - 4 potions of enlightenment
 m - 2 potions of invisibility
 o - 6 potions of curing
 r - 2 potions of resistance
 z - 3 potions of attraction
 C - 2 potions of cancellation
 D - 3 potions of might
 J - 4 potions of brilliance
 M - a potion of berserk rage
 P - 2 potions of mutation
 S - 2 potions of lignification
 V - 2 potions of haste
 X - 2 potions of heal wounds
 Z - a potion of ambrosia


   Skills:
 - Level 8.0 Fighting
 - Level 4.0 Dodging
 - Level 1.7 Stealth
 - Level 6.0 Shields
 + Level 15.8 Spellcasting
 - Level 9.0 Conjurations
 - Level 4.0 Summonings
 - Level 5.0 Necromancy
 + Level 20.4 Ice Magic
 - Level 10.0 Air Magic
 - Level 9.0 Earth Magic


You couldn't memorise any spells.
You knew the following spells:

 Your Spells              Type           Power      Damage    Failure   Level
a - Shock                 Conj/Air       100%       1d9       1%          1
b - Blink                 Tloc           32%        N/A       2%          2
c - Airstrike             Air            27%        2d(4-20)  1%          4
d - Summon Lightning Spi  Summ/Air       45%        N/A       1%          4
f - Fulminant Prism       Conj/Hex       17%        3d10      1%          4
l - Lee's Rapid Deconstr  Erth           34%        3d17*     1%          5
r - Ozocubu's Refrigerat  Ice            40%        4d16      1%          7
s - Simulacrum            Ice/Necr       31%        N/A       1%          6
F - Freezing Cloud        Conj/Ice/Air   32%        6-21      1%          5
V - Polar Vortex          Ice            40%        N/A       12%         9

Your spell library contained the following spells:

 Spells                   Type           Power      Damage    Failure   Level
 Irradiate                Conj/Tmut      17%        3d17      2%          5
 Magic Dart               Conj           100%       1d8       1%          1
 Summon Small Mammal      Summ           100%       N/A       1%          1
 Cigotuvi's Dreadful Rot  Necr/Pois/Air  74%        N/A       1%          2
 Ensorcelled Hibernation  Hex/Ice        100%       N/A       1%          2
 Momentum Strike          Conj/Tloc      70%        3d9       1%          2
 Passwall                 Tmut/Erth      43%        N/A       1%          2
 Searing Ray              Conj           100%       2d8       1%          2
 Static Discharge         Conj/Air       100%       2-7/arc   1%          2
 Call Canine Familiar     Summ           33%        N/A       1%          3
 Ignite Poison            Fire/Tmut/Pois 16%        N/A       1%          3
 Inner Flame              Hex/Fire       16%        N/A       1%          3
 Mephitic Cloud           Conj/Pois/Air  43%        N/A       1%          3
 Swiftness                Air            55%        N/A       1%          3
 Lesser Beckoning         Tloc           32%        N/A       2%          2
 Summon Guardian Golem    Hex/Summ       24%        N/A       2%          3
 Animate Dead             Necr           37%        N/A       2%          4
 Gell's Gravitas          Tloc           16%        N/A       6%          3
 Spider Form              Tmut/Pois      16%        N/A       6%          3
 Teleport Other           Tloc           16%        N/A       6%          3
 Tukima's Dance           Hex            16%        N/A       6%          3
 Anguish                  Hex/Necr       13%        N/A       6%          4
 Silence                  Hex/Air        18%        N/A       6%          5
 Yara's Violent Unravell  Hex/Tmut       8%         3d5       13%         5
 Cause Fear               Hex            8%         N/A       17%         4
 Passage of Golubria      Tloc           16%        N/A       17%         4
 Blade Hands              Tmut           8%         N/A       43%         5
 Lehudib's Crystal Spear  Conj/Erth      34%        10d9      54%         8
 Haunt                    Necr/Summ      17%        N/A       91%         7
 Enfeeble                 Hex            8%         N/A       100%        7
 Infestation              Necr           18%        N/A       100%        8
 Animate Armour           Summ/Erth      Unusable   N/A       N/A         4

Dungeon Overview and Level Annotations

Branches:
Dungeon (15/15) Zot: 25453  Temple (1/1) D:7 Zot: 5817    Lair (5/5) D:8 Zot: 24013
 Shoals (4/4) Lair:3 Zot: 20084  Spider (0/4) Lair:3        Slime (0/5) Lair:5
    Orc (2/2) D:11 Zot: 9954     Elf (1/3) Orc:2 Zot: 5978  Vaults (0/5) D:14
 Depths (0/4) D:15

Altars:
Ashenzari
Cheibriados
Dithmenos
Elyvilon
Fedhas
Gozag
Hepliaklqana
Kikubaaqudgha
Makhleb
Nemelex Xobeh
Okawaru
Qazlal
Ru
Sif Muna
Trog
Uskayaw
Vehumet
Wu Jian
Xom
Yredelemnul
Zin
The Shining One
Jiyva

Shops:
D:7 :   D:8 (   D:15 :   Orc:2 :!!:   Shoals:4 :

Annotations:
D:2 1 runed translucent door, Crazy Yiuf
D:3 2 transporters, SigmundSlayer's ghost, novice GnWn
D:6 1 runed translucent door, Demosthentine's ghost, novice DsGl


Innate Abilities, Weirdness & Mutations

You can breathe bolts of dispelling energy.
Your rich purple scales are hard. (AC +9)
You cannot fit into any form of body armour.
You are cold-blooded and may be slowed by cold attacks.


Message History

Confirm with . or Enter, or press ? or * to list all spells.
A great freezing vortex appears and lifts you up.
The +6 halberd of holy wrath barely misses you.
The +2 hand axe of freezing hits you but does no damage.
The +6 halberd of holy wrath hits you from afar!!
You take 29 damage, and have 65/134 hp.
MASSIVE DAMAGE!!
You now have 36/45 mp.
Unknown command.
Casting: Polar Vortex (dangerous; 12% risk of failure)
Confirm with . or Enter, or press ? or * to list all spells.
Aiming: Lee's Rapid Deconstruction (mildly dangerous; 1% risk of failure)
Press: ? - help, Dir - move target A rock wall.
You feel a surge of power!
The wall shatters!
The blast of rock fragments hits the +6 halberd of holy wrath but does no damage.
The +6 halberd of holy wrath is lightly damaged.
The +2 hand axe of freezing hits you but does no damage.
The +6 halberd of holy wrath hits you from afar!!
* * * LOW HITPOINT WARNING * * *
An earth elemental comes into view.
The +2 hand axe of freezing hits you.
* * * LOW HITPOINT WARNING * * *
You feel yourself slow down.
The +2 hand axe of freezing freezes you.
* * * LOW HITPOINT WARNING * * *
The deep elf pyromancer mumbles some strange words.
The deep elf pyromancer blinks!
The deep elf pyromancer casts a spell at you.
The bolt of fire hits you!!
* * * LOW HITPOINT WARNING * * *
You take 43 damage, and have 22/134 hp.
MASSIVE DAMAGE!!
You now have 32/45 mp.
You feel much better.
The +2 hand axe of freezing falls from the air.
Vehumet accepts your kill.
You hear a shout!
The +6 halberd of holy wrath hits you from afar!!
* * * LOW HITPOINT WARNING * * *
You block the +6 halberd of holy wrath's attack.
The deep elf pyromancer gestures at you while chanting.
The bolt of fire hits you!!
You die...

...## ##...
e...###...⌠
).......)
§§§§§§§ §§§§§
##§§(##
###§§§§§###
#§§§§@§§§§#
#..§§§§§§§§§..#
+.⌠§§§###§§§⌠.+
#..e## ##§..#
##e .## §○ .. E
.


You could see an earth elemental, 2 deep elf pyromancers, a deep elf
zephyrmancer and a +6 halberd of holy wrath.

Vanquished Creatures
  Ilsuiw (Shoals:4)
  A frost giant (Shoals:4)
  A deep elf sorcerer (Elf:1)
  An orc warlord (Orc:2)
  A dire elephant (Lair:5)
  Nessos (D:14)
  An ettin (D:14)
  12 merfolk impalers
  2 merfolk javelineers (Shoals:4)
  Josephine (D:14)
  2 rakshasas (D:15)
  A hydra (Lair:5)
  5 centaur warriors
  A catoblepas (D:15)
  3 dancing weapons
  A two-headed ogre (D:14)
  7 merfolk avatars
  A satyr (Shoals:2)
  4 merfolk aquamancers
  2 alligator snapping turtles (Shoals:4)
  Urug (D:12)
  6 death yaks (Lair:5)
  A deep troll shaman (Lair:5)
  An orc high priest (Orc:1)
  2 deep elf knights (Elf:1)
  6 sea snakes
  4 skysharks
  A glowing orange brain (D:15)
  A wizard (D:14)
  5 orc knights
  11 harpies
  2 deep elf pyromancers
  A deep elf zephyrmancer (Elf:1)
  3 cyclopes
  5 orc sorcerers
  12 manticores
  16 ugly things
  11 elephants
  6 fauns
  5 black mambas
  6 merfolk sirens
  5 water nymphs
  2 gargoyles
  8 cane toads
  An efreet (D:14)
  5 komodo dragons
  A rime drake (Lair:3)
  2 kobold demonologists
  A tengu conjurer (D:15)
  4 trolls
  9 meliai
  A hornet (D:11)
  33 merfolk
  31 blink frogs
  3 wind drakes
  8 snapping turtles
  7 dream sheep
  Sigmund (D:5)
  A centaur simulacrum (D:14)
  10 slime creatures
  2 shadows
  5 wyverns
  31 yaks
  2 wraiths (D:14)
  5 basilisks
  7 water elementals
  6 fire elementals
  A golden eye (D:12)
  2 chaos spawn (D:13)
  4 steam dragons
  A redback (shapeshifter) (D:15)
  Menkaure (D:4)
  4 vampire mosquitoes (D:8)
  2 wargs
  2 acid dragons
  17 water moccasins
  A nameless horror (D:9)
  Duvessa (D:7)
  2 hell hounds (D:14)
  41 orc warriors
  An ice beast (D:8)
  2 black bears
  3 sky beasts
  2 ogres
  6 wolves
  10 centaurs
  2 phantoms
  2 kobold brigands
  3 gnoll sergeants
  16 bullfrogs
  5 scorpions
  16 wights
  Dowan (D:7)
  A killer bee (D:11)
  3 electric eels (Lair:1)
  6 howler monkeys
  14 jellies
  A hound (D:4)
  12 orc priests
  4 iguanas
  12 orc wizards
  2 sleepcaps
  3 hell rats (Lair:2)
  Robin (D:4)
  16 gnolls
  3 adders
  3 shadow imps
  A white imp (D:7)
  2 ufetubi
  2 worms
  2 dart slugs
  59 orcs
  16 endoplasms
  6 giant cockroaches
  28 goblins
  11 hobgoblins
  14 jackals
  25 kobolds
  3 quokkas
  7 ball pythons
  4 bats
  3 frilled lizards (D:1)
  6 rats
  2 butterflies
  2 fulminant prisms (D:11)
768 creatures vanquished.

Vanquished Creatures (collateral kills)
  Gastronok (D:9)
  Azrael (D:14)
  5 merfolk impalers
  An ice dragon (D:14)
  A hydra (Lair:2)
  A catoblepas (Lair:5)
  A merfolk aquamancer (Shoals:4)
  A death yak (Lair:5)
  An alligator snapping turtle (Shoals:4)
  An alligator (Shoals:4)
  A boulder beetle (Lair:5)
  Amaemon (Lair:3)
  3 sea snakes
  A deep troll (D:14)
  A harpy (Shoals:4)
  6 manticores
  11 elephants
  4 fauns (Shoals:1)
  A cyclops (Shoals:1)
  2 merfolk sirens (Shoals:4)
  2 oklob plants (Lair:5)
  A black mamba (Lair:2)
  Maurice (Orc:1)
  An orange demon (Lair:3)
  A torpor snail (Lair:5)
  2 cane toads (Lair:4)
  A rime drake (Lair:3)
  2 water nymphs
  2 komodo dragons
  3 trolls
  8 merfolk
  A polar bear (Lair:4)
  4 blink frogs
  A hornet (D:10)
  5 snapping turtles (Shoals:4)
  4 wraiths
  8 yaks
  3 water elementals (Shoals:4)
  A wyvern (Lair:5)
  A basilisk (Lair:5)
  A steam dragon (D:9)
  An acid dragon (D:11)
  A hell hound (D:14)
  4 water moccasins
  A swamp drake (D:11)
  4 orc warriors
  5 wolves
  2 centaurs
  3 kobold brigands
  A bullfrog (Lair:4)
  6 wights (D:9)
  3 killer bees (D:11)
  A howler monkey (D:12)
  2 hell rats (Lair:2)
  4 orc wizards
  A gnoll (D:9)
  12 orcs
  6 kobolds
155 creatures vanquished.

Vanquished Creatures (others)
  85 fulminant prisms
85 creatures vanquished.

Grand Total: 1008 creatures vanquished

Notes
Turn   | Place    | Note
-------+----------+-------------------------------------------
     0 | D:1      | Datul the Draconian Air Elementalist began the quest for
                  | the Orb.
     0 | D:1      | Reached XP level 1. HP: 14/14 MP: 3/3
   338 | D:1      | Reached XP level 2. HP: 20/20 MP: 0/5
   852 | D:1      | Learned a level 2 spell: Static Discharge
   943 | D:1      | Reached XP level 3. HP: 26/26 MP: 4/6
  1877 | D:2      | Found a runed translucent door.
  1878 | D:2      | Noticed Crazy Yiuf
  2422 | D:3      | Reached XP level 4. HP: 33/33 MP: 4/7
  2431 | D:2      | Learned a level 4 spell: Airstrike
  2503 | D:3      | Reached skill level 5 in Air Magic
  2675 | D:3      | Found a transporter.
  2676 | D:3      | Found a transporter.
  2676 | D:3      | Noticed SigmundSlayer's ghost (novice GnWn)
  2678 | D:3      | Identified the +3 dire flail of Gozag's Respect {spect,
                  | rPois Str-2 Stlth+}
  2678 | D:3      | Noticed an ogre
  2998 | D:4      | Noticed Menkaure
  3053 | D:4      | Found an ancient bone altar of Kikubaaqudgha.
  3053 | D:4      | Found a snail-covered altar of Cheibriados.
  3377 | D:4      | Killed Menkaure
  3378 | D:4      | Reached XP level 5. HP: 12/38 MP: 4/8
  3400 | D:4      | Noticed Robin
  3729 | D:4      | Found a bloodstained altar of Trog.
  3799 | D:4      | Reached XP level 6. HP: 45/45 MP: 1/9
  4199 | D:4      | Killed Robin
  4495 | D:5      | Entered Level 5 of the Dungeon
  4826 | D:5      | Noticed Sigmund
  4850 | D:5      | Killed Sigmund
  4851 | D:5      | Your scales start taking on a rich purple colour.
  4851 | D:5      | Reached XP level 7. HP: 50/50 MP: 1/11
  4851 | D:5      | Upgraded the game from 0.31-a0-161-gb58dd9be76 to
                  | 0.31-a0-164-g2312942fda
  5574 | D:5      | Reached XP level 8. HP: 57/57 MP: 14/14
  6074 | D:6      | Reached skill level 5 in Conjurations
  6185 | D:6      | Found a hazy altar of Hepliaklqana.
  6606 | D:6      | Reached skill level 1 in Fighting
  6863 | D:6      | Found a runed translucent door.
  6865 | D:6      | Noticed Demosthentine's ghost (novice DsGl)
  7651 | D:7      | Found Cuvoevvi's Book Shoppe.
  7693 | D:7      | Noticed Duvessa
  7713 | D:7      | Noticed Dowan
  7958 | D:7      | Reached skill level 5 in Fighting
  8089 | D:7      | Found a staircase to the Ecumenical Temple.
  8098 | Temple   | Entered the Ecumenical Temple
  8257 | Temple   | Became a worshipper of Vehumet
  8292 | D:7      | Reached skill level 5 in Spellcasting
  8435 | D:7      | Reached XP level 9. HP: 57/73 MP: 6/17
  8810 | D:7      | Reached skill level 1 in Earth Magic
  9246 | D:7      | Killed Duvessa
  9283 | D:7      | Killed Dowan
  9850 | D:8      | Reached skill level 5 in Earth Magic
  9865 | D:8      | Reached * piety under Vehumet
  9865 | D:8      | Offered knowledge of Freeze by Vehumet.
 10293 | D:8      | Reached XP level 10. HP: 59/81 MP: 15/22
 10829 | D:7      | Learned a level 4 spell: Fulminant Prism
 10910 | D:8      | Upgraded the game from 0.31-a0-164-g2312942fda to
                  | 0.31-a0-174-g85c54bcb58
 11447 | D:8      | Found a staircase to the Lair.
 11872 | D:8      | Found a shadowy altar of Dithmenos.
 12020 | D:8      | Found Coiphycs's Antique Weapon Emporium.
 12442 | D:9      | Reached ** piety under Vehumet
 12442 | D:9      | Offered knowledge of Scorch by Vehumet.
 12466 | D:9      | Learned a level 4 spell: Summon Lightning Spire
 12466 | D:9      | Upgraded the game from 0.31-a0-174-g85c54bcb58 to
                  | 0.31-a0-182-gc5ef74bbde
 13036 | D:9      | Noticed Gastronok
 13928 | D:9      | Offered knowledge of Mephitic Cloud by Vehumet.
 13933 | D:9      | Learned a level 3 spell: Mephitic Cloud
 13987 | D:9      | Identified the +1 pair of gloves "Jezxat" {Will+ Regen+
                  | Str+3}
 14428 | D:9      | Killed Gastronok
 14429 | D:9      | Reached skill level 10 in Spellcasting
 14429 | D:9      | Reached XP level 11. HP: 86/86 MP: 0/25
 14770 | D:10     | Entered Level 10 of the Dungeon
 15334 | D:10     | Reached *** piety under Vehumet
 15435 | D:10     | Noticed a deep elf pyromancer
 15444 | D:10     | Killed a deep elf pyromancer
 16173 | D:11     | Found a gateway to a bazaar.
 16453 | D:11     | Noticed a purple ugly thing
 16463 | D:11     | Killed a purple ugly thing
 16677 | D:11     | Reached skill level 10 in Air Magic
 16677 | D:11     | Reached skill level 1 in Summonings
 17280 | D:11     | Offered knowledge of Hailstorm by Vehumet.
 17871 | D:11     | Reached **** piety under Vehumet
 17969 | D:11     | Found a staircase to the Orcish Mines.
 18111 | D:11     | Noticed a cyan ugly thing
 18126 | D:11     | Killed a cyan ugly thing
 18127 | D:11     | Reached XP level 12. HP: 97/97 MP: 8/28
 18381 | Bazaar   | Entered a bazaar
 18381 | Bazaar   | Found Qyruc's Assorted Antiques.
 18381 | Bazaar   | Found Suamugumn's Jewellery Shop.
 18381 | Bazaar   | Found Fanear Cuteu's Armour Shop.
 18381 | Bazaar   | Found Roxuocw's Book Boutique.
 18403 | Bazaar   | Bought a Trismegistus Codex for 260 gold pieces
 18403 | Bazaar   | Bought a book of Ice for 500 gold pieces
 18407 | Bazaar   | Bought a lumpy soapstone amulet for 85 gold pieces
 18426 | Bazaar   | Learned a level 5 spell: Freezing Cloud
 18466 | D:12     | Reached skill level 1 in Ice Magic
 18518 | D:12     | Reached skill level 2 in Ice Magic
 18609 | D:12     | Identified the +0 hat "Naunusu" {Will- Int+5}
 18624 | D:12     | Offered knowledge of Lee's Rapid Deconstruction by Vehumet.
 18631 | D:12     | Learned a level 5 spell: Lee's Rapid Deconstruction
 18778 | D:12     | Noticed Urug
 18800 | D:12     | Noticed Sonja
 18801 | D:12     | Sonja changed into Sonja the golden eye
 18801 | D:12     | Noticed Sonja
 18804 | D:12     | Killed Sonja the golden eye
 18805 | D:12     | Reached skill level 3 in Ice Magic
 18811 | D:12     | Killed Urug
 19364 | D:13     | Noticed a centaur warrior
 19482 | Lair:1   | Entered Level 1 of the Lair of Beasts
 19521 | Lair:1   | Reached skill level 4 in Ice Magic
 19734 | Lair:1   | Reached skill level 5 in Ice Magic
 19980 | Lair:1   | Reached ***** piety under Vehumet
 19997 | Lair:1   | Offered knowledge of Leda's Unmaking by Vehumet.
 20001 | Lair:1   | Reached skill level 6 in Ice Magic
 20609 | Lair:2   | Noticed a four-headed hydra
 20613 | Lair:2   | Killed a four-headed hydra
 20773 | Lair:2   | Reached skill level 7 in Ice Magic
 21684 | Lair:3   | Reached skill level 8 in Ice Magic
 21686 | Lair:3   | Reached XP level 13. HP: 103/103 MP: 16/29
 21693 | Lair:3   | Reached skill level 9 in Ice Magic
 21751 | Lair:3   | Found a hole to the Spider Nest.
 22168 | Lair:3   | Reached skill level 10 in Ice Magic
 22235 | Lair:3   | Noticed Amaemon
 22243 | Lair:3   | Killed Amaemon
 22313 | Lair:3   | Offered knowledge of Spellforged Servitor by Vehumet.
 22545 | Lair:3   | Reached skill level 11 in Ice Magic
 22655 | Lair:3   | Found a staircase to the Shoals.
 23091 | Lair:4   | Reached skill level 12 in Ice Magic
 23400 | Lair:4   | Reached skill level 13 in Ice Magic
 23577 | Lair:4   | You fall into a shaft and drop 1 floor!
 23577 | Lair:5   | Entered Level 5 of the Lair of Beasts
 23689 | Lair:4   | Reached XP level 14. HP: 111/111 MP: 26/30
 23972 | Lair:5   | Reached skill level 14 in Ice Magic
 24357 | Lair:5   | Found a viscous altar of Jiyva.
 24358 | Lair:5   | Found a staircase to the Slime Pits.
 24512 | Lair:5   | Offered knowledge of Arcjolt by Vehumet.
 24845 | Lair:5   | Reached skill level 15 in Ice Magic
 25140 | Lair:5   | Got the Information on Solid Impulse
 25374 | Orc:1    | Entered Level 1 of the Orcish Mines
 25472 | Orc:1    | Noticed Maurice
 25494 | Orc:1    | Reached skill level 16 in Ice Magic
 25498 | Orc:1    | Killed Maurice
 25566 | Orc:1    | Found a radiant altar of Vehumet.
 25973 | Orc:2    | Entered Level 2 of the Orcish Mines
 26241 | Orc:2    | Noticed an orc warlord
 26249 | Orc:2    | Killed an orc warlord
 26611 | Orc:2    | Reached skill level 17 in Ice Magic
 26651 | Orc:2    | Found Yzui's Distillery.
 26651 | Orc:2    | Found Coemey Vint's Distillery.
 26654 | Orc:2    | Found Tubaoc's Book Emporium.
 26656 | Orc:2    | Found Ramol's Book Boutique.
 26663 | Orc:2    | Bought a potion of lignification for 30 gold pieces
 26663 | Orc:2    | Bought a potion of heal wounds for 50 gold pieces
 26666 | Orc:2    | Bought a book of Spatial Translocations for 252 gold pieces
 26669 | Orc:2    | Learned a level 2 spell: Blink
 26810 | Orc:2    | Found a staircase to the Elven Halls.
 27536 | D:13     | Found the +7 mace of Variability {chaos, chaos arc}
 27538 | D:13     | Found a shimmering altar of Xom.
 27551 | D:13     | Reached XP level 15. HP: 102/116 MP: 9/31
 27723 | D:13     | Offered knowledge of Eringya's Noxious Bog by Vehumet.
 28028 | D:13     | Identified the +0 cloak of the Ecumenical Temple {-Tele
                  | rPois Dex+5 SInv}
 28459 | D:14     | Reached skill level 1 in Shields
 28595 | D:14     | Noticed Nessos
 28603 | D:14     | Killed Nessos
 28752 | D:14     | Noticed Azrael
 28763 | D:14     | Killed Azrael
 29017 | D:14     | Upgraded the game from 0.31-a0-182-gc5ef74bbde to
                  | 0.31-a0-187-gba352fbbf7
 29040 | D:14     | Reached skill level 5 in Shields
 29097 | D:14     | Noticed Josephine
 29102 | D:14     | Killed Josephine
 29373 | D:14     | Found a gate to the Vaults.
 29560 | D:15     | Entered Level 15 of the Dungeon
 29566 | D:15     | Found a shimmering blue altar of Sif Muna.
 29655 | D:15     | Found Yceofauw's Book Shop.
 29894 | D:15     | Reached skill level 18 in Ice Magic
 30005 | D:15     | Learned a level 7 spell: Ozocubu's Refrigeration
 30440 | D:15     | Found a staircase to the Depths.
 30867 | Shoals:1 | Entered Level 1 of the Shoals
 31650 | Shoals:1 | Upgraded the game from 0.31-a0-187-gba352fbbf7 to
                  | 0.31-a0-188-g5e087ee2ca
 31688 | Shoals:2 | Reached XP level 16. HP: 110/128 MP: 14/33
 31754 | Shoals:2 | Found a flickering gateway to a bazaar.
 31768 | Bazaar   | Entered a bazaar
 31797 | Bazaar   | Found Baykh's Antique Weapon Emporium.
 31827 | Bazaar   | Found Quson's Antique Armour Shop.
 31869 | Bazaar   | Found Voefilik's Antique Weapon Shoppe.
 31886 | Bazaar   | Found Dofeug's Antique Armour Shoppe.
 31952 | Shoals:2 | Identified the +5 orcbow "Undertaker" {heavy, rN+ Str+3
                  | Dex+6 Stlth-}
 32118 | Shoals:2 | Reached skill level 19 in Ice Magic
 32138 | Shoals:2 | Reached ****** piety under Vehumet
 32525 | Shoals:3 | Offered knowledge of Conjure Ball Lightning by Vehumet.
 32767 | Shoals:3 | Identified the +5 mace of Hacking and Slashing {heavy,
                  | rPois rF++ Will+ Int-2}
 33061 | Shoals:3 | Learned a level 6 spell: Simulacrum
 33130 | Shoals:3 | Reached skill level 1 in Necromancy
 33218 | Shoals:4 | Entered Level 4 of the Shoals
 33382 | Shoals:4 | Noticed Ilsuiw
 33397 | Shoals:4 | Found Foiq's Book Emporium.
 33411 | Shoals:4 | Killed Ilsuiw
 33412 | Shoals:4 | Reached skill level 15 in Spellcasting
 33795 | Shoals:4 | Reached skill level 5 in Necromancy
 33796 | Shoals:4 | Reached skill level 20 in Ice Magic
 34024 | Shoals:4 | Reached XP level 17. HP: 107/134 MP: 36/36
 34138 | Shoals:4 | Offered knowledge of Irradiate by Vehumet.
 34371 | Shoals:4 | Got a barnacled rune of Zot
 34873 | D:14     | Upgraded the game from 0.31-a0-188-g5e087ee2ca to
                  | 0.31-a0-202-g547052bce9
 35124 | Elf:1    | Entered Level 1 of the Elven Halls
 35227 | Orc:2    | Learned a level 9 spell: Polar Vortex
 35231 | Elf:1    | Killed from afar by a deep elf pyromancer

Illustrated notes

Levels and vault maps discovered:
D:1:      lemuel_arrival_muddy, layout_basic, hangedman_abyss_or_decor_stabs
D:2:      wander_river, layout_rooms, minmay_tetromino_l4,
          uniq_crazy_yiuf_cottage
D:3:      layout_rooms, gammafunk_ghost_smash
D:4:      cheibrodos_greedy_goblins, layout_gridville,
          mainiacjoe_overflow_boulevard, gammafunk_temple_overflow_elements,
          uniq_menkaure, uniq_robin
D:5:      layout_loops_ring, uniq_sigmund
D:6:      layout_layer_cave, lemuel_doored_altar, ebering_ghost_inner_flame,
          bh_walls_and_bars
D:7:      layout_basic, temple_statues, serial_shops, shop, uniq_duvessa
D:8:      layout_basic, nicolae_dithmenos_the_darkroom, minmay_lair_entry_grove,
          serial_shops, shop, enter_bailey_5, minmay_stone_trees_large
D:9:      kennysheep_kobold_camp, layout_loops_ring, uniq_gastronok
D:10:     layout_basic
D:11:     layout_loops_corners, erik_orc_1, serial_glass, glass_columns_b,
          glass_columns_a, serial_shops, bzr_entry_gold,
          minmay_fractal_squares_gapless_5
D:12:     layout_irregular_city, uniq_urug, uniq_sonja
D:13:     layout_loops_corners, nicolae_eternal_life, minivault_25_ag,
          minmay_misc_feat_room, minmay_guarded_unrand_variability
D:14:     layout_gridville, david_vaults_4, nicolae_elevator_lobby_asterisk,
          nicolae_letterblocks [nicolae_letter_subblock,
          nicolae_letter_subblock, nicolae_letter_subblock,
          nicolae_letter_subblock, nicolae_letter_subblock,
          nicolae_letter_subblock, nicolae_letter_subblock,
          nicolae_letter_subblock, nicolae_letter_subblock,
          nicolae_letter_subblock, nicolae_letter_subblock,
          nicolae_letter_subblock, nicolae_letter_subblock,
          nicolae_letter_subblock, nicolae_letter_subblock,
          nicolae_letter_subblock, nicolae_letter_subblock,
          nicolae_letter_subblock, nicolae_letter_subblock,
          nicolae_letter_subblock, nicolae_letter_subblock,
          nicolae_letter_subblock, nicolae_letter_subblock,
          nicolae_letter_subblock, nicolae_letter_subblock], uniq_azrael,
          uniq_nessos, uniq_josephine
D:15:     gammafunk_enter_depths_forms, layout_basic, serial_shops, shop,
          nicolae_sif_muna_condensation, nicolae_splish_splash
Temple:   nicolae_temple_bog_church
Lair:1:   lemuel_slime, layout_gridlike, serial_bayou_lake_a
Lair:2:   layout_layer_cave, lemuel_fruit_fields
Lair:3:   layout_regular_city, minmay_shoals_entry_hut,
          nicolae_spider_entry_non_spiders, st_stairs_3, serial_bayou_shore_b,
          uniq_amaemon
Lair:4:   layout_gridlike, nicolae_lair_lil_pond, lemuel_fruit_fields,
          serial_bayou_shore_a, grunt_megastairs_5
Lair:5:   grunt_lair_end_beastmaster, layout_regular_city,
          minmay_slime_entry_oklob_open, infiniplex_staircase_pool
Shoals:1: layout_shoals
Shoals:2: layout_shoals, serial_shops, bzr_firewalk
Shoals:3: layout_shoals
Shoals:4: shoals_end_grunt_ice, layout_shoals, shoal_ilsuiw, serial_shops, shop,
          nicolae_shoals_siren_and_animal_friends
Orc:1:    layout_diamond_mine, basic_altar, uniq_maurice
Orc:2:    st_orc_rangers, layout_diamond_mine
Elf:1:    elf_arrival_001, layout_gridlike, serial_shops,
          nicolae_shop_back_alley_shop, orc_legates, grunt_ministairs_13

Skill      XL: |  1  2  3  4  5  6  7  8  9 10 11 12 13 14 15 16 |
---------------+-------------------------------------------------+-----
Air Magic      | 4 6 8 9 10 | 10.0
Conjurations   | 2 4 5 6 9 |  9.0
Spellcasting   | 3 4 5 8 10 12 13 15 | 15.8
Fighting       | 5 6 8 |  8.0
Earth Magic    | 5 6 9 |  9.0
Dodging        | 4 |  4.0
Summonings     | 4 |  4.0
Ice Magic      | 8 13 17 18 20 | 20.4
Shields        | 6 |  6.0
Necromancy     | 5 |  5.0
Stealth        | |  1.7

Action                     |  1- 3 |  4- 6 |  7- 9 | 10-12 | 13-15 | 16-18 || total
---------------------------+-------+-------+-------+-------+-------+-------++-------
  Melee: Staff             |    39 |       |       |       |    27 |     3 ||    69
         Dagger            |       |    28 |    47 |    26 |    40 |       ||   141
         Tailslap          |       |     2 |     7 |     3 |    12 |     2 ||    26
         Punch             |       |       |       |     1 |     1 |       ||     2
  Throw: Throwing net      |       |     1 |       |       |       |       ||     1
   Cast: Shock             |   107 |    82 |    80 |    99 |    71 |     3 ||   442
         Static Discharge  |       |     9 |    49 |    26 |       |       ||    84
         Airstrike         |       |     6 |    47 |    47 |    44 |    41 ||   185
         Fulminant Prism   |       |       |       |    77 |     7 |     3 ||    87
         Summon Lightning  |       |       |       |    77 |    78 |    35 ||   190
         Mephitic Cloud    |       |       |       |    34 |    31 |     1 ||    66
         Freezing Cloud    |       |       |       |    57 |   251 |    99 ||   407
         Lee's Rapid Decon |       |       |       |     2 |   105 |    48 ||   155
         Blink             |       |       |       |       |     1 |     1 ||     2
         Ozocubu's Refrige |       |       |       |       |     2 |     8 ||    10
         Simulacrum        |       |       |       |       |       |    22 ||    22
         Polar Vortex      |       |       |       |       |       |     1 ||     1
  Evoke: Wand              |       |       |       |     6 |     5 |     4 ||    15
    Use: Scroll            |       |     4 |     7 |    10 |     8 |     5 ||    34
         Potion            |       |       |     2 |     4 |       |     2 ||     8
   Stab: Held in net/web   |       |     2 |       |       |       |       ||     2
         Invisible         |       |       |       |     1 |       |       ||     1
         Confused          |       |       |       |     3 |     1 |       ||     4
         Distracted        |       |       |       |       |     1 |       ||     1
 Armour: Skin              |    16 |    14 |    21 |    37 |    53 |    27 ||   168
  Dodge: Dodged            |    53 |    17 |    58 |    82 |   142 |    74 ||   426
         Repelled          |       |       |       |     5 |     4 |     2 ||    11
  Block: Buckler           |       |       |       |       |    12 |    27 ||    39

Table legend: (Time is in decaauts)
 A = Elapsed time spent in this place.
 B = Non-inter-level travel time spent in this place.
 C = Inter-level travel time spent in this place.
 D = Time resting spent in this place.
 E = Time spent auto-exploring this place.
 F = Levels seen in this place.
 G = Mean time per level.
                   A        B        C        D        E       F      G
               +--------+--------+--------+--------+--------+-----+--------+
         Total |  35646 |  33103 |   2543 |  10692 |  16252 |  30 | 1188.2 |
       Dungeon |  23309 |  21776 |   1533 |   8433 |   9770 |  15 | 1553.9 |
        Temple |    182 |    149 |     33 |      0 |    121 |   1 |  182.0 |
          Lair |   5986 |   5509 |    477 |    946 |   3560 |   5 | 1197.2 |
        Shoals |   3915 |   3711 |    204 |    977 |   1705 |   4 |  978.8 |
  Orcish Mines |   2045 |   1752 |    293 |    336 |    974 |   2 | 1022.5 |
   Elven Halls |     19 |     19 |      0 |      0 |      0 |   1 |   19.0 |
        Bazaar |    186 |    186 |      0 |      0 |    122 |   2 |   93.0 |
               +--------+--------+--------+--------+--------+-----+--------+

Top non-repeatable levels by time:
     D:7: 2544 daAuts
    D:11: 2394 daAuts
     D:9: 2249 daAuts
     D:8: 2234 daAuts
     D:6: 1730 daAuts
    D:10: 1644 daAuts
  Lair:3: 1507 daAuts
Shoals:4: 1492 daAuts
     D:5: 1467 daAuts
     D:1: 1423 daAuts
     D:4: 1371 daAuts
  Lair:2: 1305 daAuts
  Lair:5: 1292 daAuts
    D:13: 1267 daAuts
   Orc:2: 1175 daAuts
